 Dungeon Crawl Stone Soup version 0.21.1-1-g345015f (webtiles) character file.

32617 Mgcat the Cleaver (level 13, -6/88 HPs)
             Began as a Tengu Fighter on Mar 11, 2018.
             Was a High Priest of Qazlal.
             Mangled by wojtek's ghost (23 damage)
             ... on level 5 of the Lair of Beasts.
             The game lasted 00:37:17 (11443 turns).

Mgcat the Cleaver (Tengu Fighter)                  Turns: 11443, Time: 00:37:18

Health: -6/88      AC: 21    Str: 21    XL:     13   Next: 65%
Magic:  7/19       EV:  5    Int:  8    God:    Qazlal [*****.]
Gold:   385        SH: 19    Dex: 21    Spells: 12/12 levels left

rFire    + . .     SeeInvis .   L - +8 broad axe (flame)
rCold    + . .     Gourm    .   c - +1 shield
rNeg     . . .     Faith    .   o - +0 plate armour
rPois    +         Spirit   .   (helmet restricted)
rElec    .         Reflect  .   x - scarf {rC+ rF+}
rCorr    .         Harm     .   R - +2 pair of gloves {Dex+3}
MR       .....                  (boots unavailable)
Stlth    ..........             (no amulet)
HPRegen  0.24/turn              j - ring of poison resistance {rPois, !d}
MPRegen  0.16/turn              C - +3 ring of dexterity

@: protected from physical damage, studying Ice Magic, repel missiles
A: beak, talons 3, able to fly 1
a: Fly, Upheaval, Elemental Force, Disaster Area, Renounce Religion


You were on level 5 of the Lair of Beasts.
You worshipped Qazlal.
Qazlal was extremely pleased with you.
You were hungry.

You visited 2 branches of the dungeon, and saw 16 of its levels.
You also visited: Ice Cave and Volcano.

You collected 953 gold pieces.
You spent 568 gold pieces at shops.

Inventory:

Hand Weapons
 L - a +8 broad axe of flaming (weapon)
   (You bought it in a shop on level 9 of the Dungeon)
Missiles
 k - 12 curare-tipped needles
 t - 4 poisoned tomahawks
 A - 8 javelins
 J - a throwing net {=f, !d}
 Q - 5 tomahawks (quivered)
Armour
 c - a +1 shield (worn)
 m - a +0 pair of gloves
   (You found it on level 2 of the Dungeon)
 o - a +0 plate armour (worn)
   (You found it on level 3 of the Dungeon)
 x - a scarf of resistance (worn)
   (You found it on level 10 of the Dungeon)
 R - a +2 pair of gloves of dexterity (worn)
   (You bought it in a shop on level 11 of the Dungeon)
Jewellery
 j - a ring of poison resistance (left hand) {rPois, !d}
   (You found it on level 2 of the Dungeon)
 C - a +3 ring of dexterity (right hand)
   (You found it on level 6 of the Dungeon)
 E - an uncursed ring of see invisible {sInv, !d}
   (You took it off an orc priest on level 9 of the Dungeon)
Wands
 g - a wand of scattershot (5)
   (You found it on level 4 of the Dungeon)
 s - a wand of iceblast (41)
   (You found it on level 3 of the Dungeon)
 y - a wand of flame (44)
   (You took it off a kobold on level 5 of the Dungeon)
 H - a wand of digging (23)
   (You found it on level 7 of the Dungeon)
Scrolls
 e - a scroll of identify
 h - 6 scrolls of remove curse
 i - 6 scrolls of amnesia
 n - 6 scrolls of teleportation
 u - 5 scrolls of magic mapping {!r}
 v - 2 scrolls of fog
 U - a scroll of holy word {!r}
Potions
 a - a potion of haste
 b - 2 potions of invisibility
 d - 2 potions of might
 l - a potion of agility
 q - 3 potions of brilliance
 z - 3 potions of curing
 B - 4 potions of flight
 D - a potion of magic
 F - a potion of ambrosia
 G - 2 potions of heal wounds
 I - a potion of resistance
 K - a potion of cancellation
 P - 4 potions of lignification {!q}
Books
 r - a manual of Ice Magic {!d}
   (You found it in an ice cave)
 w - a manual of Ice Magic {!d}
   (You found it in an ice cave)
 M - a book of Misfortune
   (You found it on level 11 of the Dungeon)
Comestibles
 f - 16 rations
 p - 10 chunks of flesh {@w0}


   Skills:
 + Level 13.2 Fighting
 + Level 13.6 Axes
 + Level 11.2 Armour
 + Level 7.1 Shields
 + Level 7.0 Invocations


You had 12 spell levels left.
You didn't know any spells.

Dungeon Overview and Level Annotations

Branches:
Dungeon (11/15)            Temple (0/1) D:4            Lair (5/6) D:11
  Swamp (0/4) Lair:4        Snake (0/4) Lair:3          Orc (0/2) D:11
  Slime: Lair:5-6

Altars:
Gozag
Kikubaaqudgha
Nemelex Xobeh
Qazlal
Vehumet
Yredelemnul
The Shining One

Shops:
D:6 *   D:9 =([(*   D:10 (   D:11 !?![[(

Annotations:
Lair:5 wojtek's ghost, journeyman MiBe


Innate Abilities, Weirdness & Mutations

You have a beak for a mouth.
You have claws for feet.
You can fly.


Message History

The death yak is engulfed in blazing flames.
You see here a bullfrog corpse.
You are feeling hungry.
The death yak is engulfed in blazing flames.
Your fire elemental hits the death yak.
Your fire elemental burns the death yak!
The death yak gores your fire elemental!
The yak is engulfed in blazing flames.
The death yak is engulfed in blazing flames.
Your fire elemental hits the death yak.
Your fire elemental burns the death yak!
The death yak barely misses your fire elemental.
The death yak is engulfed in freezing vapours.
Your fire elemental hits the death yak.
Your fire elemental burns the death yak!
The death yak is engulfed in blazing flames.
The death yak gores your fire elemental.
Your earth elemental hits wojtek's ghost.
Your fire elemental hits the death yak.
Your fire elemental burns the death yak!
The komodo dragon hisses menacingly.
Your fire elemental hits the death yak.
Your fire elemental burns the death yak!
The death yak closely misses your fire elemental.
Your fire elemental barely misses the death yak.
The death yak closely misses your fire elemental.
Your fire elemental hits the death yak.
Your fire elemental burns the death yak!
The death yak dies!
Qazlal accepts your kill.
The death yak is engulfed in blazing flames.
Your fire elemental barely misses the wyvern.
You slice the death yak!! You burn the death yak. You claw the death yak.
You peck the death yak.
The death yak is severely wounded.
The death yak is struck by lightning.
You block the death yak's attack.
Your fire elemental hits the komodo dragon.
Your fire elemental burns the komodo dragon!
You slash the death yak! You burn the death yak!
You kill the death yak!
Qazlal accepts your kill.
Your Shields skill increases to level 7!
You slice the death yak!! You burn the death yak.
You claw the death yak, but do no damage.
The death yak is almost dead.
Your fire elemental disappears in a puff of smoke!
The death yak gores you!
You feel more protected from physical attacks.
You slash the death yak! You burn the death yak.
You peck the death yak, but do no damage.
The death yak is almost dead.
Your earth elemental disappears in a puff of smoke!
The death yak is engulfed in blazing flames.
You kill the death yak!
Qazlal accepts your kill.
You feel better.
You slash the death yak! You burn the death yak! You claw the death yak.
You peck the death yak, but do no damage.
The death yak is severely wounded.
The wyvern is engulfed in freezing vapours.
You kill the wyvern!
Qazlal accepts your kill.
The death yak is engulfed in blazing flames.
You block the death yak's attack.
You hit the death yak but do no damage. Your kick misses the death yak.
You peck the death yak, but do no damage.
The death yak is almost dead.
The death yak is engulfed in blazing flames.
The death yak gores you!
You hit the death yak but do no damage. Your kick misses the death yak.
The death yak is almost dead.
The death yak is engulfed in blazing flames.
You kill the death yak!
Qazlal accepts your kill.
Your Invocations skill increases to level 7!
You hit wojtek's ghost but do no damage.
Your kick misses wojtek's ghost.
Wojtek's ghost is heavily damaged.
You block wojtek's ghost's attack.
You slice wojtek's ghost!! You burn wojtek's ghost.
You claw wojtek's ghost, but do no damage.
Wojtek's ghost is severely damaged.
You hear a bellow!
Wojtek's ghost hits you!
You slice wojtek's ghost!! You burn wojtek's ghost.
Your kick misses wojtek's ghost.
You peck wojtek's ghost, but do no damage.
Wojtek's ghost is almost destroyed.
You block wojtek's ghost's attack.
You miss wojtek's ghost. Your kick misses wojtek's ghost.
Wojtek's ghost is almost destroyed.
You hear a bellow!
Wojtek's ghost hits you!
* * * LOW HITPOINT WARNING * * *
You hit wojtek's ghost. Your kick misses wojtek's ghost.
Wojtek's ghost is almost destroyed.
You closely miss the komodo dragon.
The komodo dragon bites you but does no damage.
Wojtek's ghost hits you!!
You die...

........#.E..#
............†#..>#.
............†.##...# ..
#....!.........#[...... ..
#...........#....).#...
...#...........#...........
..............§..†....... .
P.............YW#l........
...............#@.§......
#.......#......##.§....##
#.......#......##.§P#..#
...#............P..##...
P.......#.......P..# ..
....#..#.......##...
P..................#.
#..#...#........#..##
....#...#......#...


You could see a komodo dragon, a yak and wojtek's ghost.

Vanquished Creatures
  Fannar (D:11)
  A centaur warrior (D:11)
  3 death yaks (Lair:5)
  The ghost of Phong the Spear-Bearer, a novice MfSk of Nemelex Xobeh (D:8)
  A salamander mystic (Volcano)
  An unseen horror (D:11)
  Pikel (D:4)
  2 manticores
  A necromancer (IceCv)
  3 ugly things (D:11)
  2 salamanders (Volcano)
  4 black mambas
  An ice statue (IceCv)
  Joseph (D:8)
  2 centaur skeletons (D:11)
  2 rime drakes
  4 spiny frogs
  2 komodo dragons
  2 ice devils (D:11)
  10 freezing wraiths (IceCv)
  3 trolls
  A meliai zombie (D:10)
  A hippogriff (D:11)
  Sigmund (D:3)
  2 wyverns
  A basilisk (Lair:3)
  30 yaks
  A death yak simulacrum (IceCv)
  2 wargs (D:11)
  2 hungry ghosts
  4 nagas (Lair:3)
  A porcupine (Lair:4)
  A swamp drake (Lair:4)
  6 water moccasins
  4 orc warriors
  11 ice beasts
  2 sky beasts
  7 ogres
  2 black bears
  A phantom (D:4)
  5 centaurs
  3 wolves (Lair:4)
  26 crocodiles
  7 bullfrogs
  2 big kobolds
  A scorpion (D:6)
  5 killer bees (D:8)
  2 elephant simulacra (IceCv)
  9 howler monkeys
  4 wights (D:11)
  2 electric eels (Lair:1)
  2 centaur zombies
  2 crimson imps
  4 draconian simulacra (IceCv)
  6 orc priests
  8 hounds
  7 orc wizards
  2 bullfrog skeletons
  6 iguanas
  2 troll simulacra (IceCv)
  6 worker ants
  3 spriggan simulacra (IceCv)
  A killer bee zombie (D:8)
  A wolf simulacrum (IceCv)
  A centaur simulacrum (IceCv)
  A hound skeleton (D:6)
  14 adders
  8 naga simulacra (IceCv)
  2 ogre simulacra (IceCv)
  5 shadow imps
  12 white imps (IceCv)
  An ooze (D:2)
  An adder skeleton (D:6)
  A worm (D:3)
  2 dart slugs (D:1)
  13 leopard geckos
  35 orcs
  A ball python (D:1)
  6 bats
  6 giant cockroaches
  8 goblins
  7 hobgoblins
  8 jackals
  13 kobolds
  4 quokkas
  8 frilled lizards
  8 rats
  A fungus (Lair:2)
  A plant (Lair:4)
411 creatures vanquished.

Vanquished Creatures (collateral kills)
  2 death yaks (Lair:5)
  A water moccasin (Lair:5)
3 creatures vanquished.

Vanquished Creatures (others)
  A leopard gecko (D:4)
  2 fungi (Lair:4)
3 creatures vanquished.

Grand Total: 417 creatures vanquished

Notes
Turn   | Place    | Note
-------+----------+-------------------------------------------
     0 | D:1      | Mgcat the Tengu Fighter began the quest for the Orb.
     0 | D:1      | Reached XP level 1. HP: 14/14 MP: 2/2
    65 | D:1      | Reached XP level 2. HP: 19/19 MP: 3/3
   173 | D:1      | Reached skill level 3 in Axes
   274 | D:1      | Reached XP level 3. HP: 23/23 MP: 4/4
   410 | D:2      | Found an ancient bone altar of Kikubaaqudgha.
   413 | D:2      | Found a stormy altar of Qazlal.
   427 | D:2      | Became a worshipper of Qazlal Stormbringer
   553 | D:2      | Reached XP level 4. HP: 29/29 MP: 5/5
   557 | D:2      | Reached skill level 4 in Fighting
   674 | D:3      | Noticed Sigmund
   683 | D:3      | Killed Sigmund
   683 | D:3      | Reached skill level 5 in Fighting
   683 | D:3      | Reached skill level 4 in Axes
   683 | D:3      | Gained mutation: You can fly. [Tengu growth]
   683 | D:3      | Reached XP level 5. HP: 35/35 MP: 6/6
   683 | D:3      | Reached XP level 6. HP: 40/40 MP: 7/7
   697 | D:3      | Reached skill level 5 in Axes
   809 | D:3      | Reached * piety under Qazlal
  1115 | D:4      | Noticed a phantom
  1142 | D:4      | Killed a phantom
  1142 | D:4      | Reached XP level 7. HP: 33/45 MP: 8/8
  1238 | D:4      | Found a staircase to the Ecumenical Temple.
  1246 | D:4      | Reached skill level 6 in Axes
  1277 | D:4      | Reached skill level 6 in Fighting
  1337 | D:4      | Noticed Pikel
  1345 | D:4      | Killed Pikel
  1345 | D:4      | Reached skill level 7 in Fighting
  1345 | D:4      | Reached skill level 7 in Axes
  1345 | D:4      | Reached XP level 8. HP: 48/53 MP: 9/9
  1439 | D:5      | Entered Level 5 of the Dungeon
  1487 | D:5      | Found a stormy altar of Qazlal.
  1687 | D:5      | Reached skill level 8 in Axes
  1754 | D:5      | Found a radiant altar of Vehumet.
  2275 | D:6      | Found a basalt altar of Yredelemnul.
  2338 | D:6      | Reached skill level 8 in Fighting
  2341 | D:6      | Reached ** piety under Qazlal
  2428 | D:6      | Found a sparkling altar of Nemelex Xobeh.
  2557 | D:6      | Reached skill level 9 in Axes
  2557 | D:6      | Reached XP level 9. HP: 36/60 MP: 10/10
  2797 | D:6      | Found Buretsig's General Store.
  2967 | D:7      | Found a glowing golden altar of the Shining One.
  3056 | D:7      | Reached skill level 9 in Fighting
  3141 | D:7      | HP: 12/60 [orc warrior/morningstar (26)]
  3390 | D:7      | Reached skill level 10 in Axes
  3699 | D:7      | Reached skill level 1 in Invocations
  3817 | D:8      | Reached skill level 4 in Armour
  3831 | D:8      | Reached *** piety under Qazlal
  3833 | D:8      | Reached skill level 2 in Invocations
  3935 | D:8      | Reached XP level 10. HP: 45/68 MP: 12/12
  4007 | D:8      | Noticed Joseph
  4021 | D:8      | Killed Joseph
  4021 | D:8      | Reached skill level 10 in Fighting
  4021 | D:8      | Reached skill level 5 in Armour
  4021 | D:8      | Reached skill level 3 in Invocations
  4154 | D:8      | Found an opulent altar of Gozag.
  4268 | D:8      | Noticed Phong's ghost (novice MfSk)
  4276 | D:8      | Killed Phong's ghost
  4336 | D:9      | Found Lom Meha's Antique Weapon Shop.
  4350 | D:9      | Found Voroph's Antique Armour Shoppe.
  4378 | D:9      | Found Minul's Antique Weapon Shop.
  4406 | D:9      | Reached skill level 6 in Armour
  4408 | D:9      | Reached skill level 4 in Invocations
  4615 | D:9      | Bought a runed broad axe for 231 gold pieces
  4662 | D:9      | Found Apryathrar's Jewellery Shoppe.
  4780 | D:9      | Found Heh Liga's Assorted Antiques.
  5171 | D:10     | Entered Level 10 of the Dungeon
  5560 | D:10     | Found Tutadurgh's Weapon Boutique.
  5630 | D:10     | Noticed a manticore
  5640 | D:10     | Killed a manticore
  5640 | D:10     | Reached skill level 7 in Armour
  5640 | D:10     | Reached XP level 11. HP: 45/73 MP: 15/15
  5997 | D:11     | Reached skill level 5 in Invocations
  6016 | D:11     | Reached skill level 11 in Axes
  6034 | D:11     | Reached skill level 11 in Fighting
  6039 | D:11     | Noticed a brown ugly thing
  6046 | D:11     | Killed a brown ugly thing
  6046 | D:11     | Reached **** piety under Qazlal
  6076 | D:11     | Found Puwon's Distillery.
  6077 | D:11     | Found a radiant altar of Vehumet.
  6105 | D:11     | Noticed a centaur warrior
  6108 | D:11     | HP: 17/74 [centaur warrior/arrow (19)]
  6116 | D:11     | Killed a centaur warrior
  6119 | D:11     | Noticed a green ugly thing
  6119 | D:11     | Noticed a green ugly thing
  6129 | D:11     | HP: 16/74 [orc warrior/mace (11)]
  6357 | D:11     | Found a staircase to the Orcish Mines.
  6357 | D:11     | Found Imecwaa's Weapon Boutique.
  6358 | D:11     | Found Taax's Armour Boutique.
  6364 | D:11     | Noticed Fannar
  6373 | D:11     | Noticed a manticore
  6378 | D:11     | Reached skill level 8 in Armour
  6383 | D:11     | Killed Fannar
  6384 | D:11     | Killed a manticore
  6396 | D:11     | Killed an unseen horror
  6418 | D:11     | Found a frozen archway.
  6427 | IceCv    | Entered an ice cave
  6433 | IceCv    | HP: 14/76 [elephant simulacrum (6)]
  6433 | IceCv    | HP: 5/76 [elephant simulacrum (9)]
  6439 | IceCv    | Reached skill level 12 in Axes
  6471 | IceCv    | Reached skill level 9 in Armour
  6797 | IceCv    | Reached skill level 12 in Fighting
  6797 | IceCv    | Reached XP level 12. HP: 21/81 MP: 16/16
  7081 | IceCv    | Reached skill level 4 in Shields
  7091 | IceCv    | HP: 18/81 [spriggan simulacrum (7)]
  7169 | IceCv    | HP: 20/81 [freezing wraith (2)]
  7366 | IceCv    | Found an ancient bone altar of Kikubaaqudgha.
  7913 | D:11     | Found Ziria's Magic Scroll Emporium.
  8088 | D:11     | Bought a potion of heal wounds for 65 gold pieces
  8088 | D:11     | Bought a potion of heal wounds for 65 gold pieces
  8102 | D:11     | Found a staircase to the Lair.
  8227 | D:11     | Found Nyosolar's Armour Shop.
  8235 | D:11     | Bought a +0 pair of gloves of dexterity for 207 gold pieces
  8274 | D:11     | Found Ikuweatu's Distillery.
  8342 | Lair:1   | Entered Level 1 of the Lair of Beasts
  8459 | Lair:1   | Reached skill level 5 in Shields
  8465 | Lair:1   | Reached skill level 10 in Armour
  8694 | Lair:1   | Reached ***** piety under Qazlal
  9161 | Lair:2   | Reached skill level 13 in Axes
  9207 | Lair:2   | Found a dark tunnel.
  9212 | Volcano  | Entered a volcano
  9262 | Volcano  | Noticed a red draconian
  9790 | Lair:2   | Reached XP level 13. HP: 87/87 MP: 18/18
  9997 | Lair:3   | Reached skill level 6 in Invocations
 10008 | Lair:3   | Reached skill level 6 in Shields
 10025 | Lair:3   | HP: 13/87 [rime drake/flash freeze (15)]
 10732 | Lair:3   | Found a staircase to the Snake Pit.
 10806 | Lair:4   | Reached skill level 13 in Fighting
 11224 | Lair:4   | Reached skill level 11 in Armour
 11238 | Lair:4   | Found a staircase to the Swamp.
 11411 | Lair:5   | Noticed wojtek's ghost (journeyman MiBe)
 11432 | Lair:5   | Reached skill level 7 in Shields
 11438 | Lair:5   | Reached skill level 7 in Invocations
 11442 | Lair:5   | HP: 16/88 [wojtek's ghost (13)]
 11443 | Lair:5   | Mangled by wojtek's ghost

Skill      XL: |  1  2  3  4  5  6  7  8  9 10 11 12 13 |
---------------+----------------------------------------+-----
Axes           | 3 4 5 7 9 10 12 13 | 13.6
Fighting       | 5 7 8 9 10 12 13 | 13.2
Invocations    | 2 4 5 7 |  7.0
Armour         | 4 7 9 10 11 | 11.2
Shields        | 5 7 |  7.1

Action                   |  1- 3 |  4- 6 |  7- 9 | 10-12 | 13-15 || total
-------------------------+-------+-------+-------+-------+-------++-------
Melee: War axe           |    54 |    87 |   241 |    82 |       ||   464
       Kick              |    14 |    23 |    81 |   205 |    44 ||   367
       Peck              |    11 |    16 |    46 |   114 |    35 ||   222
       Broad axe         |       |       |       |   414 |   121 ||   535
Throw: Tomahawk          |       |       |       |     4 |       ||     4
Invok: Upheaval          |       |       |     1 |     6 |     1 ||     8
       Elemental Force   |       |       |       |       |     2 ||     2
Evoke: Wand              |       |     1 |     1 |       |       ||     2
  Use: Scroll            |       |       |     3 |    25 |    13 ||    41
       Potion            |       |       |     1 |     6 |     1 ||     8
 Stab: Confused          |       |       |       |       |     1 ||     1
  Eat: Chunk             |       |     1 |     9 |     8 |     2 ||    20
       Ration            |       |       |       |     4 |     1 ||     5
Armor: Scale mail        |    16 |    14 |       |       |       ||    30
       Chain mail        |       |    28 |    85 |    26 |       ||   139
       Plate armour      |       |       |       |   155 |    33 ||   188
Dodge: Dodged            |    14 |    30 |    44 |    63 |    12 ||   163
       Deflected         |       |       |       |     4 |     1 ||     5
Block: Shield            |    21 |    48 |   151 |   313 |    85 ||   618

Vault maps used:
D:1:      roderic_crossed_star, kennysheep_boxes
D:2:      lemuel_coloured_pillars_altar, minitemple
D:3:      uniq_sigmund
D:4:      minmay_temple_entry_large_hall, first_ration, serial_shops,
          shop_scrolls, uniq_pikel, uniq_crazy_yiuf_cottage
D:5:      vehumet_altar_wand_db, grunt_qazlal_clouds
D:6:      regret_index_temple_of_mockery, nemelex_altar_shiori,
          yredelemnul_altar_generic, serial_shops, kennysheep_mini_moat
D:7:      lemuel_crystal_altar, grunt_ogre_cave
D:8:      nicolae_overflow_hidden_temple, uniq_joseph
D:9:      serial_shops, shop, nicolae_shop_crystal, shop, shop_fountains, shop,
          due_unseen_surprise
D:10:     minmay_cornered_nines, serial_shops, shop_coins
D:11:     erik_lair_orcish_takeover, orc_david_3, portal_ice_cave_demonic_guard,
          serial_shops, nicolae_shop_waterfront, nicolae_shop_behind_doors,
          nicolae_shop_behind_doors, shop_fountains, basic_altar, uniq_fannar
Lair:1:   lemuel_reptile_caves, minivault_19, serial_bayou_shore_a
Lair:2:   enter_volcano_4
Lair:3:   minmay_snake_entry_guardpost_small, grunt_megastairs_2
Lair:4:   minmay_swamp_entry_reptiles, cheibrodos_lair_reptile_den
Lair:5:   beast_lair_carwin_8
IceCv:    ice_cave_small_necro
Volcano:  volcano_pools

Table legend:
 A = Turns spent in this place as a percentage of turns spent in the entire game.
 B = Non-inter-level travel turns spent in this place as a percentage of non-inter-level travel turns spent in the entire game.
 C = Inter-level travel turns spent in this place as a percentage of turns spent in this place.
 D = Turns resting spent in this place as a percentage of non-inter-level travel turns spent in this place.
 E = Turns spent auto-exploring this place as a percentage of non-inter-level travel turns spent in this place.
 F = Non-inter-level travel turns spent in this place divided by the number of levels of this place that you've seen.
                   A       B       C       D       E      F
               +-------+-------+-------+-------+-------+----------------------
         Total | 100.0 | 100.0 |   2.0 |   5.8 |  71.2 | 623.2
       Dungeon |  60.7 |  61.1 |   1.4 |   6.1 |  69.5 | 623.2
          Lair |  26.6 |  26.0 |   4.3 |   7.6 |  74.4 | 582.6
      Ice Cave |  12.2 |  12.4 |   0.0 |   0.8 |  74.8 | 1391.0
       Volcano |   0.5 |   0.5 |   0.0 |   0.0 |  32.8 |  58.0
               +-------+-------+-------+-------+-------+----------------------

Table legend:
 A = Kills in this place as a percentage of kills in entire the game.
 B = Kills by you in this place as a percentage of kills by you in the entire game.
 C = Kills by friends in this place as a percentage of kills by friends in the entire game.
 D = Other kills in this place as a percentage of other kills in the entire game.
 E = Experience gained in this place as a percentage of experience gained in the entire game.
 F = Experience gained in this place divided by the number of levels of this place that you have seen.
                   A       B       C       D       E      F
               +-------+-------+-------+-------+-------+----------------------
         Total | 100.0 | 100.0 | 100.0 |   N/A | 100.0 | 2588.7
       Dungeon |  58.0 |  58.4 |   0.0 |   N/A |  38.5 | 1632.9
          Lair |  28.2 |  27.6 | 100.0 |   N/A |  44.2 | 4119.2
      Ice Cave |  13.1 |  13.2 |   0.0 |   N/A |  13.4 | 6251.0
       Volcano |   0.7 |   0.7 |   0.0 |   N/A |   3.8 | 1787.0
               +-------+-------+-------+-------+-------+----------------------
